 Dungeon Crawl Stone Soup version 0.28-a0-79-g444c7a33f5 (webtiles) character file.

Game seed: 1850692369741834528

978 siradein the Insei (level 7, -1/48 HPs)
             Began as a Demonspawn Transmuter on Aug 3, 2021.
             Was an Initiate of Jiyva.
             Shot with an arrow by a centaur (9 damage)
             ... on level 6 of the Dungeon.
             The game lasted 00:18:28 (6389 turns).

siradein the Insei (Demonspawn Transmuter)          Turns: 6389, Time: 00:18:28

Health: -1/48      AC:  4    Str: 11    XL:     7   Next: 95%
Magic:  19/19      EV: 12    Int: 18    God:    Jiyva [......]
Gold:   385        SH:  0    Dex: 13    Spells: 4/10 levels left

rFire   . . .      SeeInvis .     - Unarmed
rCold   . . .      Faith    .   (no shield)
rNeg    . . .      Spirit   .   a - +0 robe
rPois   .          Reflect  .   (helmet currently unavailable)
rElec   .          Harm     .   (no cloak)
rCorr   .          Rampage  .   v - +1 pair of gloves
Will    +....                   (boots currently unavailable)
Stlth   +.........              e - amulet of regeneration
HPRegen 1.16/turn               j - ring of magical power
MPRegen 0.16/turn               r - ring of willpower

@: appendages (expiring)
A: horns 2, talons 2, claws 1, demonic guardian 1, big brain 1, demonic magic 2
a: End Transformation, Renounce Religion


You were on level 6 of the Dungeon.
You worshipped Jiyva.
Jiyva was noncommittal.
You had temporarily grown beastly horns and talons.
You visited 2 branches of the dungeon, and saw 7 of its levels.

You collected 385 gold pieces.

Inventory:

Armour
 a - a +0 robe (worn)
 i - the +2 pair of boots of Batserpho {rF+ Will+++ Str-2}
   (You found it on level 6 of the Dungeon)

   Str:       It affects your strength (-2).
   rF:        It protects you from fire.
   Will:      It greatly increases your willpower.
 v - a +1 pair of gloves (worn)
Jewellery
 e - an amulet of regeneration (around neck)
 j - a ring of magical power (left hand)
 r - a ring of willpower (right hand)
Scrolls
 d - a scroll of brand weapon {unknown}
 f - 2 scrolls of teleportation {unknown}
 g - 4 scrolls of identify {unknown}
 h - a scroll of vulnerability {unknown}
 k - a scroll of acquirement {unknown}
 m - a scroll of amnesia {unknown}
 q - a scroll of fear {unknown}
 s - a scroll of enchant armour {unknown}
 t - a scroll of noise {unknown}
 u - a scroll of magic mapping {unknown}
 w - a scroll of holy word {unknown}
Potions
 b - 4 potions of attraction {unknown}
 c - a potion of ambrosia {unknown}
 l - a potion of magic {unknown}
 n - 2 potions of curing {unknown}
 o - a potion of resistance {unknown}
 p - a potion of heal wounds {unknown}


   Skills:
 - Level 1.0 Fighting
 - Level 1.7 Dodging
 + Level 6.5 Unarmed Combat
 - Level 2.0 Spellcasting
 + Level 6.1 Transmutations


You had 4 spell levels left.
You knew the following spells:

 Your Spells              Type           Power      Damage    Failure   Level
a - Beastly Appendage     Tmut           48%        N/A       1%          1
b - Wereblood             Tmut           24%        N/A       2%          2
c - Spider Form           Tmut/Pois      6%         N/A       16%         3

Your spell library contained the following spells:

 Spells                   Type           Power      Damage    Failure   Level
 Passwall                 Tmut/Erth      10%        N/A       8%          2
 Sandblast                Erth           2%         2d4       19%         1
 Ignite Poison            Fire/Tmut/Pois 9%         N/A       24%         3
 Blink                    Tloc           N/A        N/A       26%         2
 Ice Form                 Ice/Tmut       12%        N/A       45%         4
 Conjure Flame            Conj/Fire      1%         6-21      47%         3
 Lesser Beckoning         Tloc           0%         N/A       47%         3
 Tukima's Dance           Hex            1%         N/A       47%         3
 Passage of Golubria      Tloc           N/A        N/A       87%         4
 Sticky Flame             Conj/Fire      1%         2d3       87%         4
 Yara's Violent Unravell  Hex/Tmut       6%         3d5       80%         5
 Lee's Rapid Deconstruct  Erth           0%         3d5*      99%         5
 Manifold Assault         Tloc           1%         N/A       99%         5


Dungeon Overview and Level Annotations

Branches:
Dungeon (6/15)             Temple (1/1) D:5

Altars:
Ashenzari
Dithmenos
Gozag
Hepliaklqana
Nemelex Xobeh
Qazlal
Ru
Trog
Uskayaw
Wu Jian
Xom
Yredelemnul
The Shining One
Jiyva


Innate Abilities, Weirdness & Mutations

You have temporarily grown beastly horns and talons.
You have sharp fingernails.
A weak demonic guardian rushes to your aid.
You have an unusually large brain. (Int +2)
Spells you cast may paralyse nearby enemies.


Message History

You feel sick.
You feel sick.
Found a brown potion.
You hit the scorpion but do no damage.
The scorpion is moderately wounded.
You feel sick. The scorpion stings you.
You hit the scorpion. Your headbutt misses the scorpion.
The scorpion is heavily wounded.
Your transformation is almost over.
The scorpion closely misses you.
A centaur comes into view.
You feel sick.
The centaur wields a +0 shortbow.
The centaur shoots an arrow.
The arrow closely misses you.
The centaur shoots an arrow.
The arrow hits you!
* * * LOW HITPOINT WARNING * * *
A demonic guardian appears!
You swap places.
You feel sick.
The scorpion stings your iron imp but does no damage.
You feel sick.
You are no longer poisoned.
The scorpion stings your iron imp.
Your iron imp completely misses the scorpion.
The ice beast completely misses your iron imp.
The centaur shoots an arrow.
The arrow hits you.
* * * LOW HITPOINT WARNING * * *
The scorpion closely misses your iron imp.
The centaur shoots an arrow.
The arrow hits you.
* * * LOW HITPOINT WARNING * * *
The ice beast closely misses your iron imp.
Your iron imp hits the scorpion!
The scorpion barely misses your iron imp.
You see here a brown potion.
Something stings your iron imp.
The ice beast barely misses your iron imp.
The centaur shoots an arrow.
The arrow barely misses you.
The centaur shoots an arrow.
The arrow barely misses you.
Your iron imp closely misses the ice beast.
The centaur shoots an arrow.
The arrow completely misses you.
The ice beast closely misses your iron imp.
The centaur shoots an arrow.
The arrow hits you!
You die...

.... ..... ....
#..
#.c#############
#..............#
#.....!........#
#...s5...@.....#
###.Y#############
###..###..........
#......#..........
#......#..........
#......#..........
#......'...†......
#......#....?.....
#####..#.........#


You could see an ice beast, a centaur, a scorpion (ally target) and a friendly
iron imp (summoned).

Vanquished Creatures
  2 water moccasins
  An ogre (D:4)
  A black bear (D:5)
  A centaur (D:5)
  A howler monkey (D:5)
  A bullfrog zombie (D:5)
  A hound (D:5)
  A jelly (D:5)
  An orc priest (D:3)
  An orc wizard (D:3)
  A killer bee zombie (D:5)
  A hound skeleton (D:4)
  Robin (D:2)
  A howler monkey zombie (D:4)
  9 river rats (D:5)
  7 adders
  A shadow imp (D:5)
  A worm (D:2)
  3 dart slugs
  10 orcs
  10 ball pythons
  6 endoplasms
  6 giant cockroaches
  18 goblins
  6 hobgoblins
  11 jackals
  8 quokkas
  6 bats
  2 frilled lizards (D:1)
  7 kobolds
  22 rats
148 creatures vanquished.

Vanquished Creatures (collateral kills)
  A hobgoblin (D:2)
  A goblin (D:4)
  A kobold (D:4)
3 creatures vanquished.

Vanquished Creatures (others)
  A plant (D:1)
  3 toadstools (D:3)
4 creatures vanquished.

Grand Total: 155 creatures vanquished

Notes
Turn   | Place    | Note
-------+----------+-------------------------------------------
     0 | D:1      | siradein the Demonspawn Transmuter began the quest for the
                  | Orb.
     0 | D:1      | Reached XP level 1. HP: 15/15 MP: 3/3
   295 | D:1      | Gained mutation: You have an unusually large brain. (Int
                  | +2) [demonic ancestry]
   295 | D:1      | Reached XP level 2. HP: 21/21 MP: 3/5
  1034 | D:1      | Found a faded altar of an unknown god.
  1179 | D:2      | Gained mutation: A weak demonic guardian rushes to your
                  | aid. [demonic ancestry]
  1179 | D:2      | Reached XP level 3. HP: 26/26 MP: 4/6
  1601 | D:2      | Noticed Robin
  1609 | D:2      | Reached XP level 4. HP: 27/32 MP: 5/7
  1627 | D:2      | Killed Robin
  2552 | D:3      | Gained mutation: You have sharp fingernails. [demonic
                  | ancestry]
  2552 | D:3      | Reached XP level 5. HP: 37/37 MP: 8/8
  2870 | D:3      | Learned a level 2 spell: Wereblood
  2874 | D:3      | Learned a level 3 spell: Spider Form
  3266 | D:4      | Noticed an ogre
  3317 | D:4      | Killed an ogre
  3318 | D:4      | Gained mutation: Spells you cast may paralyse adjacent
                  | enemies. [demonic ancestry]
  3318 | D:4      | Reached XP level 6. HP: 43/43 MP: 9/9
  3654 | D:4      | Found Peuceg's Distillery.
  3834 | D:5      | Entered Level 5 of the Dungeon
  3840 | D:5      | Reached skill level 5 in Unarmed Combat
  3858 | D:5      | Found a staircase to the Ecumenical Temple.
  3947 | D:5      | Reached skill level 5 in Transmutations
  3947 | D:5      | Gained mutation: Spells you cast may paralyse nearby
                  | enemies. [demonic ancestry]
  3947 | D:5      | Reached XP level 7. HP: 44/48 MP: 10/10
  4058 | D:5      | Found a shimmering altar of Xom.
  4058 | D:5      | Found a broken altar of Ashenzari.
  4085 | Temple   | Entered the Ecumenical Temple
  4230 | Temple   | Became a worshipper of Jiyva Jaetost the Shapeless
  6335 | D:6      | Identified the +2 pair of boots of Batserpho {rF+ Will+++
                  | Str-2}
  6389 | D:6      | Shot with an arrow by a centaur

Illustrated notes

Levels and vault maps discovered:
D:1:      tarquinn_simple_flora_water_d, layout_loops_ring,
          chequers_ecumenical_altar_lobes
D:2:      wad_pebble_path, layout_basic, kennysheep_small_spiral,
          minmay_ruptured, uniq_robin
D:3:      layout_rooms, dk_noncrumbling_2, minmay_gold_behind_fungi,
          minmay_misc_feat_plants, minmay_pentangle
D:4:      layout_basic, serial_shops, nicolae_lakefront_shop
D:5:      lemuel_ratsnest, layout_cave_pools, gammafunk_temple_overflow_wave,
          minmay_temple_entry_arrows
D:6:      kb_forest_paths, layout_gridville, uniq_eustachio
Temple:   pf_slime_end_temple

Skill      XL: |  1  2  3  4  5  6  7 |
---------------+----------------------+-----
Transmutations | 2 3 4 5 6 |  6.1
Unarmed Combat | 3 4 5 6 |  6.5
Fighting       | |  1.0
Dodging        | |  1.7
Spellcasting   | |  2.0

Action                   |  1- 3 |  4- 6 |  7- 9 || total
-------------------------+-------+-------+-------++-------
Melee: Unarmed           |   110 |   170 |    98 ||   378
       Kick              |    21 |    34 |    18 ||    73
       Headbutt          |     9 |    19 |     8 ||    36
       Punch             |     2 |     2 |       ||     4
 Cast: Beastly Appendage |    31 |    39 |    11 ||    81
       Wereblood         |       |     8 |     3 ||    11
 Stab: Sleeping          |     1 |       |       ||     1
       Distracted        |       |     1 |       ||     1
       Paralysed         |       |    17 |    10 ||    27
Armor: Robe              |    20 |    27 |     6 ||    53
Dodge: Dodged            |    71 |    89 |    58 ||   218

Table legend: (Time is in decaauts)
 A = Elapsed time spent in this place.
 B = Non-inter-level travel time spent in this place.
 C = Inter-level travel time spent in this place.
 D = Time resting spent in this place.
 E = Time spent auto-exploring this place.
 F = Levels seen in this place.
 G = Mean time per level.
                   A        B        C        D        E       F      G
               +--------+--------+--------+--------+--------+-----+--------+
         Total |   6361 |   6106 |    255 |    734 |   3820 |   7 |  908.7 |
       Dungeon |   6148 |   5893 |    255 |    734 |   3690 |   6 | 1024.7 |
        Temple |    212 |    212 |      0 |      0 |    130 |   1 |  212.0 |
               +--------+--------+--------+--------+--------+-----+--------+

Top non-repeatable levels by time:
     D:2: 1885 daAuts
     D:1: 1376 daAuts
     D:5: 1215 daAuts
     D:4: 864 daAuts
     D:3: 737 daAuts
  Temple: 212 daAuts
     D:6: 69 daAuts
